 Dungeon Crawl Stone Soup version 0.31-a0-588-g14bffd4ff3 (webtiles) character file.

Game seed: 820241238007850337

1132 AdnanSaban the Cudgeller (level 8, -10/49 HPs)
             Began as a Gargoyle Fighter on Aug 19, 2023.
             Killed from afar by a steam dragon (24 damage)
             ... with a ball of steam
             ... on level 6 of the Dungeon.
             The game lasted 00:06:37 (5179 turns).

AdnanSaban the Cudgeller (Gargoyle Fighter)         Turns: 5179, Time: 00:06:38

Health: -10/49     AC: 25    Str: 22    XL:     8   Next: 36%
Magic:  8/8        EV:  8    Int:  9    God:
Gold:   319        SH:  4    Dex:  9    Spells: 7/7 levels left

rFire   . . .        y - +3 mace (protect)
rCold   . . .        c - +0 buckler
rNeg    + . .        g - +0 chain mail
rPois   ∞            l - +0 helmet
rElec   +            (no cloak)
rCorr   .            x - +0 pair of gloves
SInv    .            (no boots)
Will    +....        (no amulet) Stlth
                     i - ring of willpower
HPRegen 0.28/turn    (no ring)
MPRegen 0.11/turn

%: no passive effects
@: under a protective aura
A: sickness immunity, AC +5, negative energy resistance 1, electricity
resistance, torment resistance 1, petrification resistance
a: no special abilities


You were on level 6 of the Dungeon.
You visited 1 branch of the dungeon, and saw 6 of its levels.

You collected 319 gold pieces.

Inventory:

Hand Weapons
 y - a +3 mace of protection (weapon)
Missiles
 h - 2 boomerangs
 k - a throwing net
 n - 3 poisoned darts
Armour
 c - a +0 buckler (worn)
 g - a +0 chain mail (worn)
 l - a +0 helmet (worn)
 x - a +0 pair of gloves (worn)
Jewellery
 b - a ring of ice
 i - a ring of willpower (left hand)
Wands
 s - a wand of polymorph (9)
 v - a wand of flame (24)
Scrolls
 a - a scroll of revelation {unknown}
 e - 4 scrolls of vulnerability {unknown}
 f - 4 scrolls of identify {unknown}
 o - a scroll of poison {unknown}
 p - 2 scrolls of teleportation {unknown}
 t - a scroll of amnesia {unknown}
 w - a scroll of torment {unknown}
 A - a scroll of noise {unknown}
Potions
 d - 2 potions of might
 j - 2 potions of brilliance {unknown}
 m - a potion of mutation {unknown}
 q - a potion of curing {unknown}
 r - a potion of degeneration {unknown}
 u - a potion of heal wounds {unknown}
 z - a potion of haste {unknown}
 B - a potion of lignification {unknown}


   Skills:
 + Level 5.2 Fighting
 + Level 6.7 Maces & Flails
 + Level 5.8 Armour
 + Level 1.1 Dodging
 + Level 1.5 Stealth
 + Level 4.9 Shields


You had 7 spell levels left.
You didn't know any spells.
Your spell library contained the following spells:

 Spells                   Type           Power      Damage    Failure   Level
 Freeze                   Ice            0%         1d3       96%         1
 Dazzling Flash           Conj/Hex       0%         N/A       100%        3
 Frozen Ramparts          Ice            0%         1d1       100%        3
 Hailstorm                Conj/Ice       0%         3d3       100%        3
 Ignite Poison            Fire/Tmut/Pois 0%         N/A       100%        3
 Summon Guardian Golem    Hex/Summ       0%         N/A       100%        3
 Volatile Blastmotes      Fire/Tloc      0%         2d10      100%        3
 Sticky Flame             Conj/Fire      0%         2d3       100%        4
 Starburst                Conj/Fire      0%         6d3       100%        6
 Orb of Destruction       Conj           0%         9d5       100%        7
 Spellforged Servitor     Conj/Summ      0%         N/A       100%        7
 Ignition                 Fire           0%         3d3       100%        8
 Maxwell's Capacitive Co  Air            0%         ∞         100%        8


Dungeon Overview and Level Annotations

Branches:
Dungeon (6/15)
 Temple: D:4-7

Altars:
Fedhas
Kikubaaqudgha
Wu Jian
Yredelemnul
The Shining One

Annotations:
D:3 2 transporters, 1 runed translucent door, Crazy Yiuf; Seven7's ghost, amateur MiFi
D:5 2 transporters


Innate Abilities, Weirdness & Mutations

You are immune to sickness and miasma.
Your stone body is resilient. (AC +5)
You are immune to poison.
You resist negative energy. (rN+)
You are resistant to electric shocks. (rElec)
You are resistant to unholy torment.
You are immune to petrification.


Message History

You barely miss the steam dragon.
The steam dragon is moderately wounded.
You are engulfed in a cloud of scalding steam.
You block the steam dragon's attack. The steam dragon misses you.
You barely miss the steam dragon.
The steam dragon is moderately wounded.
The steam dragon bites you but does no damage.
The steam dragon claws you but does no damage.
You completely miss the steam dragon.
The steam dragon is moderately wounded.
The steam dragon breathes steam at you. The ball of steam hits you!
You hit the steam dragon.
Your weapon exudes an aura of protection.
The steam dragon is heavily wounded.
You are engulfed in a cloud of scalding steam.
The steam dragon breathes steam at you.
The ball of steam hits you but does no damage.
You hit the steam dragon.
The steam dragon is heavily wounded.
You are engulfed in a cloud of scalding steam.
You block the steam dragon's attack. The steam dragon completely misses you.
You barely miss the steam dragon.
The steam dragon is heavily wounded.
You are engulfed in a cloud of scalding steam.
The steam dragon bites you. You block the steam dragon's attack.
You barely miss the steam dragon.
The steam dragon is heavily wounded.
The steam dragon bites you but does no damage.
The steam dragon claws you but does no damage.
You thump the steam dragon!
The steam dragon is almost dead.
The steam dragon breathes steam at you. The ball of steam hits you.
* * * LOW HITPOINT WARNING * * *
The steam dragon bites you but does no damage.
The steam dragon claws you but does no damage.
The steam dragon breathes steam at you. The ball of steam hits you!!
You die...

..................>.....###
.............
..........########
.............
..................
.............
....#####..######
####......... ...##..P##..#
.########.... ...#.~..~##.#
P~P~P.P^#########P^...~~#.#
.........P~PPP~~§.P....^#†#
.~P~.P.~........@D.....~#.#
^PP~#######P....P.≈...P##.#
~P### #######~≈~...#..# ###
##P.###..# ### #..#
.#.####.###..####
................#
...####.###.##### #.###.#


You could see a steam dragon (catching breath).

Vanquished Creatures
  2 scorpions
  5 wights
  4 hounds (D:5)
  2 orc priests (D:5)
  A sleepcap (D:3)
  Jessica (D:2)
  Terence (D:2)
  2 iguanas
  Ijyb (D:4)
  Natasha (thrice) (D:3)
  4 orc wizards
  Robin (D:2)
  5 adders
  7 gnolls
  An ufetubus (D:4)
  2 dart slugs
  13 orcs
  3 ball pythons
  2 endoplasms (D:2)
  5 giant cockroaches
  14 goblins
  13 hobgoblins
  7 jackals
  4 quokkas
  6 bats
  7 frilled lizards
  9 kobolds
  3 rats
128 creatures vanquished.

Notes
Turn   | Place    | Note
-------+----------+-------------------------------------------
     0 | D:1      | AdnanSaban the Gargoyle Fighter began the quest for the
                  | Orb.
     0 | D:1      | Reached XP level 1. HP: 14/14 MP: 1/1
   202 | D:1      | Reached XP level 2. HP: 16/19 MP: 2/2
   533 | D:1      | Reached XP level 3. HP: 23/23 MP: 3/3
   988 | D:2      | Noticed Jessica
   992 | D:2      | Killed Jessica
   993 | D:2      | Reached XP level 4. HP: 28/28 MP: 4/4
  1052 | D:2      | Reached skill level 3 in Maces & Flails
  1087 | D:2      | Found a faded altar of an unknown god.
  1114 | D:2      | Noticed Robin
  1160 | D:2      | Killed Robin
  1416 | D:2      | Reached XP level 5. HP: 32/32 MP: 5/5
  1703 | D:2      | Noticed Terence
  1713 | D:2      | Killed Terence
  2135 | D:3      | Reached skill level 4 in Maces & Flails
  2221 | D:3      | Found a transporter.
  2226 | D:3      | Noticed Seven7's ghost (amateur MiFi)
  2247 | D:3      | Found a transporter.
  2509 | D:3      | Noticed Natasha
  2525 | D:3      | Killed Natasha
  2526 | D:3      | Reached XP level 6. HP: 24/38 MP: 6/6
  2590 | D:3      | Found a runed translucent door.
  2591 | D:3      | Noticed Crazy Yiuf
  2777 | D:3      | Noticed Natasha
  2790 | D:3      | Killed Natasha
  2901 | D:3      | Noticed Natasha
  2946 | D:3      | Killed Natasha
  3132 | D:3      | Reached skill level 5 in Maces & Flails
  3132 | D:3      | Reached XP level 7. HP: 40/43 MP: 7/7
  3154 | D:3      | Reached skill level 5 in Armour
  3158 | D:3      | Reached skill level 1 in Dodging
  3401 | D:4      | Noticed Ijyb
  3422 | D:4      | Killed Ijyb
  3638 | D:4      | Found an ancient bone altar of Kikubaaqudgha.
  3975 | D:5      | Entered Level 5 of the Dungeon
  3988 | D:5      | Reached skill level 1 in Stealth
  4194 | D:5      | Found a transporter.
  4200 | D:5      | Found a transporter.
  4236 | D:5      | Found a blossoming altar of Fedhas.
  4285 | D:5      | Reached skill level 5 in Fighting
  4317 | D:5      | Found a basalt altar of Yredelemnul.
  4319 | D:5      | Noticed a profane servitor
  4367 | D:5      | Found a glowing golden altar of the Shining One.
  4416 | D:5      | Reached skill level 6 in Maces & Flails
  4416 | D:5      | Reached XP level 8. HP: 49/49 MP: 8/8
  4784 | D:5      | Found an ornate altar of the Wu Jian Council.
  4913 | D:5      | Noticed an angel
  5179 | D:6      | Killed from afar by a steam dragon

Illustrated notes

Levels and vault maps discovered:
D:1:      minmay_arrival_diagonal_passages, layout_loops_corners, serial_forest,
          infiniplex_forest_lined_ring, infiniplex_forest_straight_5,
          infiniplex_forest_lined_corner, infiniplex_forest_clump_tiny,
          infiniplex_forest_clump_small, infiniplex_forest_end_3,
          infiniplex_forest_clump_C, minmay_hexomino_c4
D:2:      layout_basic, hellmonk_ecumenical_altar_crossroads,
          minmay_fractal_squares_gapless_5, uniq_jessica, uniq_robin,
          uniq_terence
D:3:      layout_rooms, gammafunk_ghost_stat_death, uniq_crazy_yiuf_cottage,
          uniq_natasha
D:4:      layout_loops_cross, kiku_gazebo_garden_becter, uniq_ijyb
D:5:      layout_basic, grunt_temple_overflow_holy_war,
          nzn_wu_jian_council_hall, gammafunk_temple_overflow_arena,
          hangedman_decor_peaks_small, minmay_stone_trees_small
D:6:      kennysheep_steamy, layout_basic, overflow_temple_1_default,
          minmay_temple_entry_arrows, portal_sewer_entry_d

Skill      XL: |  1  2  3  4  5  6  7 |
---------------+----------------------+-----
Armour         | 4 5 |  5.8
Maces & Flails | 3 4 5 6 |  6.7
Shields        | 4 |  4.9
Fighting       | 4 5 |  5.2
Dodging        | 1 |  1.1
Stealth        | 1 |  1.5

Action                     |  1- 3 |  4- 6 |  7- 9 || total
---------------------------+-------+-------+-------++-------
  Melee: Flail             |    93 |   229 |    71 ||   393
         Unarmed           |       |     2 |       ||     2
         Mace              |       |       |   174 ||   174
 Armour: Scale mail        |    26 |       |       ||    26
         Chain mail        |    29 |   138 |   194 ||   361
  Dodge: Dodged            |    33 |    88 |    80 ||   201
  Block: Buckler           |    21 |    41 |    45 ||   107

Table legend: (Time is in decaauts)
 A = Elapsed time spent in this place.
 B = Non-inter-level travel time spent in this place.
 C = Inter-level travel time spent in this place.
 D = Time resting spent in this place.
 E = Time spent auto-exploring this place.
 F = Levels seen in this place.
 G = Mean time per level.
                   A        B        C        D        E       F      G
               +--------+--------+--------+--------+--------+-----+--------+
         Total |   5300 |   4895 |    405 |      0 |   3713 |   6 |  883.3 |
       Dungeon |   5300 |   4895 |    405 |      0 |   3713 |   6 |  883.3 |
               +--------+--------+--------+--------+--------+-----+--------+

Top non-repeatable levels by time:
     D:3: 1108 daAuts
     D:2: 1095 daAuts
     D:1: 1016 daAuts
     D:5: 973 daAuts
     D:4: 858 daAuts
     D:6: 247 daAuts
